 Dungeon Crawl Stone Soup version 0.27-a0-1416-g941b2bd30b (webtiles) character file.

Game seed: 8376340372140313437

66 night the Conjurer (level 4, -9/27 HPs)
             Began as an Octopode Conjurer on July 1, 2021.
             Mangled by Crazy Yiuf (14 damage)
             ... on level 2 of the Dungeon.
             The game lasted 00:04:08 (2167 turns).

night the Conjurer (Octopode Conjurer)              Turns: 2167, Time: 00:04:08

Health: -9/27      AC:  1    Str:  6    XL:     4   Next: 15%
Magic:  5/8        EV: 13    Int: 21    God:
Gold:   69         SH:  0    Dex: 10    Spells: 2/9 levels left

rFire    . . .     SeeInvis .   e - +2 whip (venom)
rCold    . . .     Faith    .   (no shield)
rNeg     . . .     Spirit   .   (helmet restricted)
rPois    .         Reflect  .   (no amulet)
rElec    .         Harm     .   (no ring)
rCorr    .         Rampage  .   (no ring)
Will     .....                  (no ring)
Stlth    +++.......             (no ring)
HPRegen  0.09/turn              (no ring)
MPRegen  0.11/turn              (no ring)
                                (no ring)
                                (no ring)

@: no status effects
A: almost no armour, amphibious, 8 rings, camouflage 1, gelatinous body 1,
(nimble swimmer 1), tentacles
a: no special abilities


You were on level 2 of the Dungeon.
You visited 1 branch of the dungeon, and saw 2 of its levels.

You collected 69 gold pieces.

Inventory:

Hand Weapons
 b - a +0 hunting sling
 d - a +0 whip
 e - a +2 whip of venom (weapon)
Missiles
 a - 54 stones (quivered)
 f - 11 poisoned darts
Potions
 c - a potion of lignification {unknown}
 g - 2 potions of curing


   Skills:
 - Level 2.0 Dodging
 - Level 2.6 Stealth
 + Level 3.1 Spellcasting
 + Level 4.8 Conjurations
 + Level 0.1 Translocations


You had 2 spell levels left.
You knew the following spells:

 Your Spells              Type           Power      Damage    Failure   Level
a - Magic Dart            Conj           92%        1d7       1%          1
b - Searing Ray           Conj           46%        3d4       2%          2
c - Iskenderun's Mystic   Conj/Tloc      13%        2d5       43%         4

Your spell library contained the following spells:

 Spells                   Type           Power      Damage    Failure   Level
 Conjure Flame            Conj/Fire      13%        6-21      14%         3
 Dazzling Flash           Conj/Hex       26%        N/A       14%         3
 Ignite Poison            Fire/Tmut/Pois 3%         N/A       36%         3
 Fulminant Prism          Conj/Hex       6%         3d7       43%         4
 Sticky Flame             Conj/Fire      13%        2d4       43%         4
 Agony                    Necr           3%         N/A       98%         5
 Silence                  Hex/Air        1%         N/A       98%         5


Dungeon Overview and Level Annotations

Branches:
Dungeon (2/15)

Altars:

Shops:
D:1 :

Annotations:
D:2 Crazy Yiuf


Innate Abilities, Weirdness & Mutations

You cannot wear most types of armour.
You are amphibious.
You can wear up to eight rings at the same time.
Your skin changes colour to match your surroundings (Stealth+).
Your rubbery body absorbs attacks. (AC +1, EV +1)
((You are camouflaged near water. (Stealth+)))
You have tentacles for arms and can constrict up to eight enemies at once.


Message History

As you read the scroll labelled TYEPAJ BI HEPN, it crumbles to dust.
It is a scroll of identify.
g - 2 potions of curing Blink to where?
Press: ? - help, Dir - move target
As you read the scroll labelled DESTOH VUFIWU, it crumbles to dust.
It was a scroll of blinking.
Your surroundings suddenly seem different.
There is an open door here.
You now have 69 gold pieces (gained 12).
Found a mace.
Found three maces.
Found a mace.
You see here a +0 mace.
You see here a +0 mace.
Found a mace.
Found a runed translucent door.
No target in view!
Crazy Yiuf shouts!
You aren't carrying any items that you can evoke.
You open the door. You closely miss Crazy Yiuf. You grab Crazy Yiuf.
You constrict Crazy Yiuf.
Crazy Yiuf hits you with a +3 quarterstaff of chaos!
Crazy Yiuf burns you.
Casting: Magic Dart (safe; 1% risk of failure)
Confirm with . or Enter, or press ? or * to list all spells.
Aiming: Searing Ray (safe; 2% risk of failure)
Press: ? - help, Shift-Dir - straight line, f - Crazy Yiuf
Aim: Crazy Yiuf, wielding a +3 quarterstaff of chaos and wearing a +0 cloak (lightly wounded, constricted by you, 100% to hit)
The searing ray hits Crazy Yiuf!
Crazy Yiuf is heavily wounded. (Press . to maintain the ray.)
You constrict Crazy Yiuf, but do no damage.
Crazy Yiuf hits you with a +3 quarterstaff of chaos!
* * * LOW HITPOINT WARNING * * *
The searing ray hits Crazy Yiuf.
Crazy Yiuf is severely wounded.
You constrict Crazy Yiuf, but do no damage.
Crazy Yiuf hits you with a +3 quarterstaff of chaos!
Ouch! That really hurt!
You die...

#...........###.......
###########.# #.......
#.# #....... ##### #.#
#....... #..)# #.#
#....... #...# #.#
#....... ... #.#
#...^... #g#
#.###....... ##@#
#.#.......#. #.##
#........... ##.#
#.........## #.##
#.........## ##.##
#......##### #..)##
#...(..# #..).#
#......# #..).#
#......# ##..##
##......#


You could see Crazy Yiuf.

Vanquished Creatures
  A worm (D:2)
  2 dart slugs
  2 ball pythons
  8 bats
  4 endoplasms
  2 giant cockroaches (D:1)
  3 goblins (D:1)
  5 hobgoblins
  8 jackals
  5 quokkas (D:1)
  2 frilled lizards
  5 kobolds (D:1)
  4 rats
51 creatures vanquished.

Notes
Turn   | Place    | Note
-------+----------+-------------------------------------------
     0 | D:1      | night the Octopode Conjurer began the quest for the Orb.
     0 | D:1      | Reached XP level 1. HP: 11/11 MP: 3/3
   129 | D:1      | Reached XP level 2. HP: 17/17 MP: 1/5
   188 | D:1      | Learned a level 2 spell: Searing Ray
   464 | D:1      | Found Lysaluz's Book Shop.
   673 | D:1      | Reached XP level 3. HP: 15/21 MP: 4/6
  1171 | D:1      | Found a faded altar of an unknown god.
  1576 | D:2      | Reached XP level 4. HP: 27/27 MP: 6/8
  1613 | D:2      | Learned a level 4 spell: Iskenderun's Mystic Blast
  2160 | D:2      | Found a runed translucent door.
  2161 | D:2      | Noticed Crazy Yiuf
  2167 | D:2      | Mangled by Crazy Yiuf

Illustrated notes

Levels and vault maps discovered:
D:1:      wander_arrival_peaceful_grave, layout_loops_cross,
          hellmonk_ecumenical_altar_leap_of_faith, serial_shops,
          nicolae_diamond_shop
D:2:      layout_basic, chequers_serial_rivers_room_a, uniq_crazy_yiuf_cottage

Skill      XL: |  1  2  3 |
---------------+----------+-----
Spellcasting   | 3 |  3.1
Dodging        | |  2.0
Stealth        | |  2.6
Conjurations   | |  4.8
Translocations | |  0.1

Action                   |  1- 3 |  4- 6 || total
-------------------------+-------+-------++-------
Melee: Whip              |    19 |     1 ||    20
       Constrict         |     4 |     1 ||     5
       Tentacles         |     2 |       ||     2
 Cast: Magic Dart        |    59 |    11 ||    70
       Searing Ray       |     2 |     2 ||     4
  Use: Scroll            |     1 |     3 ||     4
Armor: Skin              |     1 |       ||     1
Dodge: Dodged            |    10 |       ||    10

Table legend: (Time is in decaauts)
 A = Elapsed time spent in this place.
 B = Non-inter-level travel time spent in this place.
 C = Inter-level travel time spent in this place.
 D = Time resting spent in this place.
 E = Time spent auto-exploring this place.
 F = Levels seen in this place.
 G = Mean time per level.
                   A        B        C        D        E       F      G
               +--------+--------+--------+--------+--------+-----+--------+
         Total |   2167 |   2147 |     20 |    194 |   1721 |   2 | 1083.5 |
       Dungeon |   2167 |   2147 |     20 |    194 |   1721 |   2 | 1083.5 |
               +--------+--------+--------+--------+--------+-----+--------+

Top non-repeatable levels by time:
     D:1: 1266 daAuts
     D:2: 900 daAuts
